Americans vs Stars

Created - Sunday, November 23, 2014 at 23:53

Goals
1 2 3 OT1 SO T
Americans 0 1 0 0 1 2
Stars 0 1 0 0 0 1
Shots
1 2 3 OT1 SO T
Americans 7 15 4 1 7 27
Stars 5 10 10 1 7 26

1st period

No Goal

Penalties :
Wacey Hamilton (TEX) for Holding (Minor) at 0:47

2nd period

1. Americans , Rasmus Ristolainen 24 (Spencer Abbott, Doug Janik) at 7:26 (PP)
2. Stars , Patrik Nemeth 1 (Cameron Gaunce, Justin Shugg) at 8:02

Penalties :
Matt Tennyson (TEX) for Fighting (Major) at 3:47, Kale Kessy (RCH) for Fighting (Major) at 3:47, Matt Watkins (TEX) for Elbowing (Minor) at 7:16, Patrik Nemeth (TEX) for Fighting (Major) at 10:18, Christopher Breen (RCH) for Fighting (Major) at 10:18, Jamie Oleksiak (TEX) for Fighting (Major) at 12:17, Davis Drewiske (RCH) for Fighting (Major) at 12:17

3rd period

No Goal

Penalties :
Jerome Samson (RCH) for Slashing (Minor) at 0:38, Jamie Oleksiak (TEX) for Fighting (Major) at 3:06, Doug Janik (RCH) for Fighting (Major) at 3:06, Cameron Gaunce (TEX) for Hooking (Minor) at 7:20, Jerome Samson (RCH) for Unsportsmanlike conduct (Major / Game Misconduct) at 12:09, Max Reinhart (RCH) for Holding (Minor) at 19:37

Overtime #1

No Goal

Penalties :
No Penalty

Shootout

Penalty Shot by Max Reinhart for Americans - Shot Misses the Net
Penalty Shot by Carter Bancks for Stars - Shot Misses the Net
Penalty Shot by Rasmus Ristolainen for Americans - Stopped by Joey MacDonald
Penalty Shot by Vinny Saponari for Stars - Stopped by Louis Domingue
Penalty Shot by Jack Skille for Americans - Shot Misses the Net
Penalty Shot by Justin Shugg for Stars - Stopped by Louis Domingue
Penalty Shot by Spencer Abbott for Americans - Stopped by Joey MacDonald
Penalty Shot by Michael Davies for Stars - Stopped by Louis Domingue
Penalty Shot by Nick Drazenovic for Americans - Shot Misses the Net
Penalty Shot by Alexandre Grenier for Stars - Stopped by Louis Domingue
Penalty Shot by Nick Cousins for Americans - Stopped by Joey MacDonald
Penalty Shot by Carlo Colaiacovo for Stars - Stopped by Louis Domingue
Penalty Shot by Maxime Sauve for Americans - Goal!
Penalty Shot by Spencer Machacek for Stars - Stopped by Louis Domingue

Penalties :
No Penalty

Goalie Stats

Louis Domingue (RCH), 25 saves from 26 shots - (0.962), W, 4-1-0, 65:00 minutes
Joey MacDonald (TEX), 26 saves from 27 shots - (0.963), OTL, 8-6-1, 65:00 minutes

Players Stats for Americans

Player Name              G  A  P  +/- PIM S  H  SB GA TA FO     MP     PP MP  PK MP  
------------------------------------------------------------------------------------
Christopher Breen        0  0  0   0  5   1  0  0  0  0  0/0    10:05   0:00   0:00 
Davis Drewiske           0  0  0   0  5   1  0  2  0  1  0/0    10:16   0:48   0:00 
Doug Janik               0  1  1  -1  5   0  1  2  1  2  0/0    23:44   1:37   5:50 
Dylan DeMelo             0  0  0   0  0   0  1  1  2  0  0/0    22:15   1:43   3:07 
Farm Player8             0  0  0   0  0   0  0  1  0  0  0/0    16:41   0:00   4:04 
Farm Player9             0  0  0   0  0   0  0  0  0  0  0/0    11:17   0:00   2:38 
Jack Skille              0  0  0  -1  0   0  2  0  8  1  0/1    15:48   1:53   0:00 
Jamie MacQueen           0  0  0   0  0   3  1  1  0  0  1/5    18:01   0:00   3:59 
Jerome Samson            0  0  0  -1  17  1  1  0  0  4  0/0    18:26   1:53   0:00 
Kale Kessy               0  0  0   0  5   0  0  0  0  0  0/0    12:41   0:00   0:00 
Kevin Sundher            0  0  0   0  0   3  1  0  1  0  3/4    14:54   0:00   0:00 
Max Reinhart             0  0  0  -1  2   2  0  3  3  2  9/20   24:40   1:53   3:28 
Maxime Sauve             0  0  0   0  0   0  1  0  1  0  0/0    19:42   2:15   1:12 
Nick Cousins             0  0  0   0  0   1  1  1  4  0  1/2     6:59   0:00   0:00 
Nick Drazenovic          0  0  0   0  0   3  1  0  1  0  6/13   19:26   2:15   0:56 
Peter Andersson          0  0  0   0  0   1  1  1  0  1  0/0    22:15   1:43   3:07 
Rasmus Ristolainen       1  0  1  -1  0   6  4  2  3  2  0/0    25:43   2:25   5:50 
Spencer Abbott           0  1  1   0  0   5  2  0  1  0  1/2    18:03   2:15   0:00 

Players Stats for Stars

Player Name              G  A  P  +/- PIM S  H  SB GA TA FO     MP     PP MP  PK MP  
------------------------------------------------------------------------------------
Alexandre Grenier        0  0  0   0  0   0  0  0  0  3  0/0    19:42   2:46   3:25 
Austin Madaisky          0  0  0   0  0   0  0  0  0  0  0/0     0:00   0:00   0:00 
Cameron Gaunce           0  1  1   1  2   0  1  0  0  0  0/0    27:39   3:08   1:13 
Carlo Colaiacovo         0  0  0   0  0   5  2  2  1  1  0/0    11:42   0:33   2:08 
Carter Bancks            0  0  0   0  0   1  1  0  0  1  0/0    16:14   0:24   0:35 
Jamie Oleksiak           0  0  0   0  10  2  5  1  1  3  0/0    27:16   3:39   1:35 
Joonas Rask              0  0  0   0  0   0  0  0  0  0  0/0     0:23   0:23   0:00 
Justin Shugg             0  1  1   1  0   6  0  0  5  0  3/3    23:11   3:08   0:43 
Matt Lowry               0  0  0   0  0   0  1  0  1  0  4/9    13:26   0:22   0:00 
Matt Tennyson            0  0  0   0  5   1  3  3  1  3  0/0    23:48   3:51   2:54 
Matt Watkins             0  0  0   0  2   0  1  1  1  0  0/1    19:28   3:50   0:00 
Michael Davies           0  0  0   0  0   1  2  0  6  0  0/1    20:11   3:18   0:43 
Patrik Nemeth            1  0  1   1  5   3  1  0  0  1  0/0    14:27   0:00   0:00 
Spencer Machacek         0  0  0   1  0   3  1  0  0  0  5/8    24:29   2:39   2:50 
Steven Delisle           0  0  0   0  0   0  2  1  0  0  0/0    27:03   3:29   1:04 
Vinny Saponari           0  0  0   0  0   1  1  0  0  0  2/2    11:55   1:14   0:00 
Wacey Hamilton           0  0  0   0  2   1  3  2  0  0  8/12   20:51   3:56   0:00 
Zac Dalpe                0  0  0   1  0   2  0  0  1  2  4/11   14:38   0:00   0:00 

3 Stars

1 - Joey MacDonald (TEX)
2 - Louis Domingue (RCH)
3 - Rasmus Ristolainen (RCH)

Power Play

Americans - 1 on 3 Attempt(s) - 33.33%
Stars - 0 on 3 Attempt(s) - 0.00%

Penalty Kill

Americans - 3 on 3 Attempt(s) - 100.00% - Score 0 goal in Penalty Kill
Stars - 2 on 3 Attempt(s) - 66.67% - Score 0 goal in Penalty Kill

Official

Referees : Unknown
Linesman : Unknown

Game Notes

Matt Tennyson beats up Kale Kessy at 3:47 of 2nd period
Patrik Nemeth and Christopher Breen fight to a draw at 10:18 of 2nd period
Jamie Oleksiak beats up Davis Drewiske at 12:17 of 2nd period
Jamie Oleksiak and Doug Janik fight to a draw at 3:06 of 3rd period
Jerome Samson ejected from game at 12:09 of 3rd period

Finance

Level 1 -- Attendance: 1543 (77.15%) -- Ticket Income $54,005
Level 2 -- Attendance: 770 (77.00%) -- Ticket Income $11,550
Total Attendance: 2313 (77.10%)
Total Ticket Income: $65,555
Other Income: $32,122
Total Income: $97,677

Americans

5 vs 5 Forward 
   Center                   Left Wing                Right Wing               Time % Phy DF OF 
 1 Max Reinhart             Jack Skille              Jerome Samson            35     1   2  2  
 2 Nick Drazenovic          Maxime Sauve             Spencer Abbott           30     1   2  2  
 3 Kevin Sundher            Jamie MacQueen           Kale Kessy               22     1   2  2  
 4 Nick Cousins             Max Reinhart             Jerome Samson            13     1   2  2  

5 vs 5 Defense 
   Defense                  Defense                                           Time % Phy DF OF 
 1 Rasmus Ristolainen       Doug Janik                                        35     1   2  2  
 2 Dylan DeMelo             Peter Andersson                                   30     1   2  2  
 3 Davis Drewiske           Christopher Breen                                 22     1   2  2  
 4 Farm Player8             Farm Player9                                      13     1   2  2  

PowerPlay Forward 
   Center                   Left Wing                Right Wing               Time % Phy DF OF 
 1 Max Reinhart             Jack Skille              Jerome Samson            60     1   2  2  
 2 Nick Drazenovic          Maxime Sauve             Spencer Abbott           40     1   2  2  

PowerPlay Defense
   Defense                  Defense                                           Time % Phy DF OF 
 1 Rasmus Ristolainen       Doug Janik                                        60     1   2  2  
 2 Dylan DeMelo             Peter Andersson                                   40     1   2  2  

Penalty Kill 4 Players Forward 
   Center                   Wing                     Time % Phy DF OF 
 1 Max Reinhart             Jerome Samson            60     1   2  2  
 2 Jack Skille              Spencer Abbott           40     1   2  2  

Penalty Kill 4 Players Defense
   Defense                  Defense                  Time % Phy DF OF 
 1 Rasmus Ristolainen       Doug Janik               60     1   2  2  
 2 Dylan DeMelo             Peter Andersson          40     1   2  2  

Penalty Kill - 3 Players Forward 
   Forward                                           Time % Phy DF OF 
 1 Max Reinhart                                      60     1   2  2  
 2 Jerome Samson                                     40     1   2  2  

Penalty Kill - 3 Players Defense
   Defense                  Defense                  Time % Phy DF OF 
 1 Rasmus Ristolainen       Doug Janik               60     1   2  2  
 2 Dylan DeMelo             Peter Andersson          40     1   2  2  

4 vs 4 Forward 
   Center                   Wing                     Time % Phy DF OF 
 1 Max Reinhart             Jerome Samson            60     1   2  2  
 2 Jack Skille              Spencer Abbott           40     1   2  2  

4 vs 4 Defense
   Defense                  Defense                  Time % Phy DF OF 
 1 Rasmus Ristolainen       Doug Janik               60     1   2  2  
 2 Dylan DeMelo             Peter Andersson          40     1   2  2  

Last Minutes Offensive
   Center                   Left Wing                Right Wing               Defense                  Defense                  
   Max Reinhart             Jack Skille              Jerome Samson            Rasmus Ristolainen       Doug Janik               

Last Minutes Defensive
   Center                   Left Wing                Right Wing               Defense                  Defense                  
   Max Reinhart             Jack Skille              Jerome Samson            Rasmus Ristolainen       Doug Janik               

Goaltenders
Starting : Louis Domingue           
Backup : Petr Mrazek              

Extra Forwards
Normal : Kevin Sundher, Nick Cousins, Jamie MacQueen - PP : Kevin Sundher, Nick Cousins - PK : Jamie MacQueen
Extra Defensemen
Normal : Davis Drewiske, Christopher Breen, Farm Player8 - PP : Davis Drewiske - PK : Christopher Breen, Farm Player8
Penalty Shots
Max Reinhart, Jerome Samson, Jack Skille, Spencer Abbott, Nick Drazenovic

Stars

5 vs 5 Forward 
   Center                   Left Wing                Right Wing               Time % Phy DF OF 
 1 Zac Dalpe                Justin Shugg             Spencer Machacek         35     1   2  2  
 2 Wacey Hamilton           Matt Watkins             Michael Davies           30     1   2  2  
 3 Matt Lowry               Carter Bancks            Alexandre Grenier        22     1   2  2  
 4 Spencer Machacek         Justin Shugg             Vinny Saponari           13     1   2  2  

5 vs 5 Defense 
   Defense                  Defense                                           Time % Phy DF OF 
 1 Matt Tennyson            Jamie Oleksiak                                    35     1   2  2  
 2 Cameron Gaunce           Patrik Nemeth                                     30     1   2  2  
 3 Jamie Oleksiak           Steven Delisle                                    22     1   2  2  
 4 Cameron Gaunce           Jamie Oleksiak                                    13     1   2  2  

PowerPlay Forward 
   Center                   Left Wing                Right Wing               Time % Phy DF OF 
 1 Spencer Machacek         Justin Shugg             Alexandre Grenier        60     1   2  2  
 2 Wacey Hamilton           Matt Watkins             Michael Davies           40     1   2  2  

PowerPlay Defense
   Defense                  Defense                                           Time % Phy DF OF 
 1 Matt Tennyson            Jamie Oleksiak                                    60     1   2  2  
 2 Cameron Gaunce           Steven Delisle                                    40     1   2  2  

Penalty Kill 4 Players Forward 
   Center                   Wing                     Time % Phy DF OF 
 1 Spencer Machacek         Alexandre Grenier        60     1   2  2  
 2 Justin Shugg             Michael Davies           40     1   2  2  

Penalty Kill 4 Players Defense
   Defense                  Defense                  Time % Phy DF OF 
 1 Matt Tennyson            Jamie Oleksiak           60     1   2  2  
 2 Cameron Gaunce           Steven Delisle           40     1   2  2  

Penalty Kill - 3 Players Forward 
   Forward                                           Time % Phy DF OF 
 1 Justin Shugg                                      60     1   2  2  
 2 Michael Davies                                    40     1   2  2  

Penalty Kill - 3 Players Defense
   Defense                  Defense                  Time % Phy DF OF 
 1 Matt Tennyson            Jamie Oleksiak           60     1   2  2  
 2 Cameron Gaunce           Patrik Nemeth            40     1   2  2  

4 vs 4 Forward 
   Center                   Wing                     Time % Phy DF OF 
 1 Vinny Saponari           Spencer Machacek         60     1   2  2  
 2 Justin Shugg             Michael Davies           40     1   2  2  

4 vs 4 Defense
   Defense                  Defense                  Time % Phy DF OF 
 1 Steven Delisle           Jamie Oleksiak           60     1   2  2  
 2 Cameron Gaunce           Matt Tennyson            40     1   2  2  

Last Minutes Offensive
   Center                   Left Wing                Right Wing               Defense                  Defense                  
   Zac Dalpe                Justin Shugg             Spencer Machacek         Matt Tennyson            Jamie Oleksiak           

Last Minutes Defensive
   Center                   Left Wing                Right Wing               Defense                  Defense                  
   Zac Dalpe                Justin Shugg             Spencer Machacek         Matt Tennyson            Jamie Oleksiak           

Goaltenders
Starting : Joey MacDonald           
Backup : Nikolai Khabibulin       

Extra Forwards
Normal : Alexandre Grenier, Vinny Saponari, Carter Bancks - PP : Alexandre Grenier, Vinny Saponari - PK : Carter Bancks
Extra Defensemen
Normal : Jamie Oleksiak, Steven Delisle, Cameron Gaunce - PP : Jamie Oleksiak - PK : Steven Delisle, Cameron Gaunce
Penalty Shots
Carter Bancks, Vinny Saponari, Justin Shugg, Michael Davies, Alexandre Grenier

% Time on Ice - Americans

Lines # - Real PCT - Wanted PCT - Time Play
Normal Forward
1 - 29% - 35% - 14:08
2 - 33% - 30% - 15:48
3 - 27% - 22% - 13:15
4 - 11% - 13% - 5:21
Normal Defense
1 - 33% - 35% - 15:50
2 - 32% - 30% - 15:40
3 - 21% - 22% - 10:18
4 - 14% - 13% - 6:44
PP Forward
1 - 46% - 60% - 1:53
2 - 54% - 40% - 2:15
PP Defense
1 - 58% - 60% - 2:25
2 - 42% - 40% - 1:43
PK Forward
1 - 100% - 60% - 7:20
2 - 0% - 40% - 0:00
PK Defense
1 - 63% - 60% - 4:36
2 - 37% - 40% - 2:44
PK3 Forward
1 - 100% - 60% - 1:37
2 - 0% - 40% - 0:00
PK3 Defense
1 - 76% - 60% - 1:14
2 - 24% - 40% - 0:23
44 Forward
1 - 100% - 60% - 3:23
2 - 0% - 40% - 0:00
44 Defense
1 - 48% - 60% - 1:38
2 - 52% - 40% - 1:45
Last Minute Offensive  - 0:00
Last Minute Defensive  - 0:00
Total
Forward - 65:00
Defense - 65:00

% Time on Ice - Stars

Lines # - Real PCT - Wanted PCT - Time Play
Normal Forward
1 - 29% - 35% - 13:50
2 - 33% - 30% - 16:02
3 - 27% - 22% - 12:57
4 - 12% - 13% - 5:43
Normal Defense
1 - 33% - 35% - 16:04
2 - 34% - 30% - 16:26
3 - 20% - 22% - 9:53
4 - 13% - 13% - 6:09
PP Forward
1 - 43% - 60% - 3:10
2 - 57% - 40% - 4:10
PP Defense
1 - 53% - 60% - 3:51
2 - 48% - 40% - 3:29
PK Forward
1 - 83% - 60% - 3:25
2 - 17% - 40% - 0:43
PK Defense
1 - 74% - 60% - 3:04
2 - 26% - 40% - 1:04
PK3 Forward
1 - 0% - 60%
2 - 0% - 40%
PK3 Defense
1 - 0% - 60%
2 - 0% - 40%
44 Forward
1 - 90% - 60% - 4:29
2 - 10% - 40% - 0:31
44 Defense
1 - 53% - 60% - 2:40
2 - 47% - 40% - 2:20
Last Minute Offensive  - 0:00
Last Minute Defensive  - 0:00
Total
Forward - 65:00
Defense - 65:00

Play by Play

1st period


0:01 of 1st period - Max Reinhart wins face-off versus Zac Dalpe in neutral zone.
0:08 of 1st period - Wrist shot by Justin Shugg.
0:08 of 1st period - Stopped by Louis Domingue with a rebound.
0:32 of 1st period - Slapshot by Rasmus Ristolainen.
0:32 of 1st period - Shot Blocked by Matt Tennyson.
0:34 of 1st period - Snap shot by Jerome Samson.
0:34 of 1st period - Shot Misses the Net.
0:36 of 1st period - Slapshot by Rasmus Ristolainen.
0:36 of 1st period - Stopped by Joey MacDonald with a rebound.
0:38 of 1st period - Backhand shot by Rasmus Ristolainen.
0:38 of 1st period - Stopped by Joey MacDonald without a rebound.
0:39 of 1st period - Nick Drazenovic wins face-off versus Michael Davies in Stars zone.
0:47 of 1st period - Minor Penalty to Wacey Hamilton for Holding.
0:48 of 1st period - Spencer Machacek wins face-off versus Nick Drazenovic in Stars zone.
1:19 of 1st period - Spencer Machacek is hit by Spencer Abbott and loses puck.
1:53 of 1st period - Steven Delisle is hit by Jerome Samson and loses puck.
2:05 of 1st period - Wrist shot by Max Reinhart.
2:05 of 1st period - Stopped by Joey MacDonald without a rebound.
2:06 of 1st period - Spencer Machacek wins face-off versus Max Reinhart in Stars zone.
2:44 of 1st period - Wrist shot by Nick Drazenovic.
2:44 of 1st period - Shot Blocked by Steven Delisle.
2:46 of 1st period - Snap shot by Nick Drazenovic.
2:46 of 1st period - Deflect By Spencer Abbott.
2:46 of 1st period - Shot Misses the Net.
2:46 of 1st period - Puck is out of play.
2:47 of 1st period - Penalty to Wacey Hamilton is over, Wacey Hamilton is back on ice.
2:47 of 1st period - Wacey Hamilton wins face-off versus Spencer Abbott in Stars zone.
3:42 of 1st period - Wrist shot by Carter Bancks.
3:42 of 1st period - Shot Blocked by Jamie MacQueen.
3:44 of 1st period - Snap shot by Alexandre Grenier.
3:44 of 1st period - Shot Blocked by Davis Drewiske.
3:48 of 1st period - Wrist shot by Alexandre Grenier.
3:48 of 1st period - Shot Misses the Net.
3:50 of 1st period - Snap shot by Matt Lowry.
3:50 of 1st period - Shot Misses the Net.
5:32 of 1st period - Alexandre Grenier is hit by Rasmus Ristolainen.
7:09 of 1st period - Snap shot by Kevin Sundher.
7:09 of 1st period - Shot Blocked by Matt Tennyson.
7:26 of 1st period - Icing by Dylan DeMelo.
7:27 of 1st period - Nick Cousins wins face-off versus Matt Lowry in Americans zone.
7:37 of 1st period - Alexandre Grenier is hit by Dylan DeMelo and loses puck.
9:45 of 1st period - Icing by Jamie Oleksiak.
9:46 of 1st period - Matt Lowry wins face-off versus Nick Drazenovic in Stars zone.
10:40 of 1st period - Snap shot by Wacey Hamilton.
10:40 of 1st period - Stopped by Louis Domingue without a rebound.
10:41 of 1st period - Wacey Hamilton wins face-off versus Nick Drazenovic in Americans zone.
11:51 of 1st period - Wrist shot by Vinny Saponari.
11:51 of 1st period - Shot Misses the Net.
13:04 of 1st period - Zac Dalpe is hit by Rasmus Ristolainen and loses puck.
13:13 of 1st period - Snap shot by Nick Cousins.
13:13 of 1st period - Shot Blocked by Matt Tennyson.
13:15 of 1st period - Slapshot by Davis Drewiske.
13:15 of 1st period - Shot Misses the Net.
13:41 of 1st period - Slapshot by Spencer Abbott.
13:41 of 1st period - Stopped by Joey MacDonald with a rebound.
13:43 of 1st period - Snap shot by Spencer Abbott.
13:43 of 1st period - Stopped by Joey MacDonald with a rebound.
13:45 of 1st period - Slapshot by Davis Drewiske.
13:45 of 1st period - Stopped by Joey MacDonald with a rebound.
14:17 of 1st period - Wrist shot by Alexandre Grenier.
14:17 of 1st period - Deflect By Carter Bancks.
14:17 of 1st period - Stopped by Louis Domingue with a rebound.
15:48 of 1st period - Maxime Sauve is hit by Vinny Saponari and loses puck.
16:31 of 1st period - Maxime Sauve is hit by Carlo Colaiacovo and loses puck.
17:04 of 1st period - Rasmus Ristolainen is hit by Patrik Nemeth and loses puck.
17:10 of 1st period - Icing by Max Reinhart.
17:11 of 1st period - Wacey Hamilton wins face-off versus Max Reinhart in Americans zone.
18:07 of 1st period - Slapshot by Rasmus Ristolainen.
18:07 of 1st period - Stopped by Joey MacDonald with a rebound.
19:39 of 1st period - Snap shot by Zac Dalpe.
19:39 of 1st period - Shot Misses the Net.
19:41 of 1st period - Slapshot by Carlo Colaiacovo.
19:41 of 1st period - Shot Blocked by Peter Andersson.
19:43 of 1st period - Slapshot by Carlo Colaiacovo.
19:43 of 1st period - Stopped by Louis Domingue with a rebound.
19:45 of 1st period - Slapshot by Carlo Colaiacovo.
19:45 of 1st period - Stopped by Louis Domingue without a rebound.
19:46 of 1st period - Zac Dalpe wins face-off versus Max Reinhart in Americans zone.
Goals for this period are 0 for Americans vs 0 for Stars.
Shots for this period are 7 for Americans vs 5 for Stars.

2nd period


0:01 of 2nd period - Zac Dalpe wins face-off versus Max Reinhart in neutral zone.
0:20 of 2nd period - Snap shot by Zac Dalpe.
0:20 of 2nd period - Deflect By Justin Shugg.
0:20 of 2nd period - Stopped by Louis Domingue with a rebound.
0:26 of 2nd period - Backhand shot by Zac Dalpe.
0:26 of 2nd period - Shot Blocked by Rasmus Ristolainen.
0:48 of 2nd period - Maxime Sauve is hit by Wacey Hamilton and loses puck.
0:55 of 2nd period - Matt Watkins is hit by Nick Drazenovic and loses puck.
1:04 of 2nd period - Snap shot by Nick Drazenovic.
1:04 of 2nd period - Deflect By Jamie Oleksiak.
1:04 of 2nd period - Stopped by Joey MacDonald with a rebound.
1:30 of 2nd period - Michael Davies is hit by Kevin Sundher and loses puck.
1:39 of 2nd period - Wrist shot by Kevin Sundher.
1:39 of 2nd period - Shot Misses the Net.
1:49 of 2nd period - Wrist shot by Jamie MacQueen.
1:49 of 2nd period - Shot Misses the Net.
1:51 of 2nd period - Slapshot by Christopher Breen.
1:51 of 2nd period - Shot Blocked by Wacey Hamilton.
1:53 of 2nd period - Slapshot by Christopher Breen.
1:53 of 2nd period - Stopped by Joey MacDonald with a rebound.
1:55 of 2nd period - Wrist shot by Davis Drewiske.
1:55 of 2nd period - Shot Misses the Net.
1:57 of 2nd period - Slapshot by Christopher Breen.
1:57 of 2nd period - Shot Misses the Net.
1:59 of 2nd period - Slapshot by Davis Drewiske.
1:59 of 2nd period - Shot Blocked by Jamie Oleksiak.
2:01 of 2nd period - Slapshot by Christopher Breen.
2:01 of 2nd period - Shot Misses the Net.
2:48 of 2nd period - Slapshot by Spencer Abbott.
2:48 of 2nd period - Stopped by Joey MacDonald without a rebound.
2:49 of 2nd period - Zac Dalpe wins face-off versus Nick Drazenovic in Stars zone.
3:02 of 2nd period - Snap shot by Spencer Abbott.
3:02 of 2nd period - Deflect By Nick Drazenovic.
3:02 of 2nd period - Stopped by Joey MacDonald with a rebound.
3:47 of 2nd period - Matt Tennyson beats up Kale Kessy.
3:47 of 2nd period - Penalty to Matt Tennyson for Fighting.
3:47 of 2nd period - Penalty to Kale Kessy for Fighting.
3:48 of 2nd period - Nick Drazenovic wins face-off versus Matt Lowry in neutral zone.
3:57 of 2nd period - Carter Bancks is hit by Doug Janik and loses puck.
4:21 of 2nd period - Snap shot by Nick Drazenovic.
4:21 of 2nd period - Shot Misses the Net.
4:41 of 2nd period - Wrist shot by Vinny Saponari.
4:41 of 2nd period - Shot Blocked by Dylan DeMelo.
4:43 of 2nd period - Snap shot by Patrik Nemeth.
4:43 of 2nd period - Stopped by Louis Domingue with a rebound.
4:45 of 2nd period - Slapshot by Patrik Nemeth.
4:45 of 2nd period - Shot Blocked by Max Reinhart.
4:47 of 2nd period - Slapshot by Patrik Nemeth.
4:47 of 2nd period - Stopped by Louis Domingue without a rebound.
4:48 of 2nd period - Justin Shugg wins face-off versus Max Reinhart in Americans zone.
5:01 of 2nd period - Wrist shot by Justin Shugg.
5:01 of 2nd period - Shot Blocked by Max Reinhart.
5:03 of 2nd period - Wrist shot by Justin Shugg.
5:03 of 2nd period - Shot Blocked by Doug Janik.
5:05 of 2nd period - Slapshot by Patrik Nemeth.
5:05 of 2nd period - Shot Misses the Net.
5:07 of 2nd period - Slapshot by Vinny Saponari.
5:07 of 2nd period - Shot Misses the Net.
5:33 of 2nd period - Wrist shot by Rasmus Ristolainen.
5:33 of 2nd period - Shot Hit the Post.
5:35 of 2nd period - Snap shot by Doug Janik.
5:35 of 2nd period - Shot Blocked by Matt Watkins.
5:37 of 2nd period - Slapshot by Rasmus Ristolainen.
5:37 of 2nd period - Deflect By Jamie MacQueen.
5:37 of 2nd period - Shot Hit the Post.
5:37 of 2nd period - Puck is out of play.
5:38 of 2nd period - Kevin Sundher wins face-off versus Wacey Hamilton in Stars zone.
5:44 of 2nd period - Snap shot by Nick Cousins.
5:44 of 2nd period - Stopped by Joey MacDonald with a rebound.
5:46 of 2nd period - Slapshot by Christopher Breen.
5:46 of 2nd period - Shot Misses the Net.
5:48 of 2nd period - Snap shot by Jamie MacQueen.
5:48 of 2nd period - Stopped by Joey MacDonald without a rebound.
5:49 of 2nd period - Nick Drazenovic wins face-off versus Matt Lowry in Stars zone.
7:03 of 2nd period - Max Reinhart is hit by Jamie Oleksiak and loses puck.
7:16 of 2nd period - Minor Penalty to Matt Watkins for Elbowing.
7:17 of 2nd period - Nick Drazenovic wins face-off versus Spencer Machacek in Stars zone.
7:22 of 2nd period - Snap shot by Nick Drazenovic.
7:22 of 2nd period - Stopped by Joey MacDonald with a rebound.
7:24 of 2nd period - Snap shot by Doug Janik.
7:24 of 2nd period - Deflect By Spencer Abbott.
7:24 of 2nd period - Stopped by Joey MacDonald with a rebound.
7:26 of 2nd period - Slapshot by Rasmus Ristolainen.
7:26 of 2nd period - Goal by Rasmus Ristolainen - Americans : 1 - Stars : 0.
7:27 of 2nd period - Max Reinhart wins face-off versus Zac Dalpe in neutral zone.
7:54 of 2nd period - Snap shot by Justin Shugg.
7:54 of 2nd period - Stopped by Louis Domingue with a rebound.
7:56 of 2nd period - Snap shot by Spencer Machacek.
7:56 of 2nd period - Shot Misses the Net.
7:58 of 2nd period - Snap shot by Justin Shugg.
7:58 of 2nd period - Shot Blocked by Doug Janik.
8:00 of 2nd period - Slapshot by Cameron Gaunce.
8:00 of 2nd period - Shot Blocked by Max Reinhart.
8:02 of 2nd period - Slapshot by Patrik Nemeth.
8:02 of 2nd period - Deflect By Doug Janik.
8:02 of 2nd period - Goal by Patrik Nemeth - Americans : 1 - Stars : 1.
8:03 of 2nd period - Nick Drazenovic wins face-off versus Wacey Hamilton in neutral zone.
8:28 of 2nd period - Wrist shot by Spencer Abbott.
8:28 of 2nd period - Stopped by Joey MacDonald with a rebound.
8:30 of 2nd period - Slapshot by Dylan DeMelo.
8:30 of 2nd period - Deflect By Nick Drazenovic.
8:30 of 2nd period - Shot Misses the Net.
8:30 of 2nd period - Puck is out of play.
8:31 of 2nd period - Zac Dalpe wins face-off versus Max Reinhart in Stars zone.
9:40 of 2nd period - Wrist shot by Kevin Sundher.
9:40 of 2nd period - Stopped by Joey MacDonald with a rebound.
9:42 of 2nd period - Slapshot by Kevin Sundher.
9:42 of 2nd period - Shot Misses the Net.
9:44 of 2nd period - Wrist shot by Kale Kessy.
9:44 of 2nd period - Shot Misses the Net.
10:11 of 2nd period - Off-side.
10:12 of 2nd period - Wacey Hamilton wins face-off versus Nick Drazenovic in neutral zone.
10:18 of 2nd period - Patrik Nemeth and Christopher Breen fight to a draw.
10:18 of 2nd period - Penalty to Patrik Nemeth for Fighting.
10:18 of 2nd period - Penalty to Christopher Breen for Fighting.
10:19 of 2nd period - Wacey Hamilton wins face-off versus Max Reinhart in Americans zone.
10:26 of 2nd period - Wrist shot by Michael Davies.
10:26 of 2nd period - Stopped by Louis Domingue with a rebound.
11:32 of 2nd period - Wrist shot by Spencer Abbott.
11:32 of 2nd period - Shot Misses the Net.
12:17 of 2nd period - Jamie Oleksiak beats up Davis Drewiske.
12:17 of 2nd period - Penalty to Jamie Oleksiak for Fighting.
12:17 of 2nd period - Penalty to Davis Drewiske for Fighting.
12:18 of 2nd period - Justin Shugg wins face-off versus Jack Skille in Stars zone.
12:29 of 2nd period - Slapshot by Rasmus Ristolainen.
12:29 of 2nd period - Deflect By Jack Skille.
12:29 of 2nd period - Shot Misses the Net.
12:29 of 2nd period - Puck is out of play.
12:30 of 2nd period - Max Reinhart wins face-off versus Zac Dalpe in Stars zone.
13:58 of 2nd period - Icing by Kevin Sundher.
13:59 of 2nd period - Kevin Sundher wins face-off versus Matt Lowry in Americans zone.
14:10 of 2nd period - Wrist shot by Kevin Sundher.
14:10 of 2nd period - Shot Blocked by Carlo Colaiacovo.
14:57 of 2nd period - Wrist shot by Carlo Colaiacovo.
14:57 of 2nd period - Shot Misses the Net.
14:59 of 2nd period - Snap shot by Spencer Machacek.
14:59 of 2nd period - Stopped by Louis Domingue with a rebound.
15:01 of 2nd period - Wrist shot by Spencer Machacek.
15:01 of 2nd period - Stopped by Louis Domingue with a rebound.
15:03 of 2nd period - Slapshot by Vinny Saponari.
15:03 of 2nd period - Shot Blocked by Nick Cousins.
15:05 of 2nd period - Slapshot by Spencer Machacek.
15:05 of 2nd period - Shot Misses the Net.
15:39 of 2nd period - Rasmus Ristolainen is hit by Wacey Hamilton and loses puck.
15:58 of 2nd period - Wrist shot by Zac Dalpe.
15:58 of 2nd period - Stopped by Louis Domingue with a rebound.
16:00 of 2nd period - Slapshot by Carlo Colaiacovo.
16:00 of 2nd period - Shot Misses the Net.
16:02 of 2nd period - Slapshot by Justin Shugg.
16:02 of 2nd period - Shot Hit the Post.
16:15 of 2nd period - Icing by Matt Tennyson.
16:16 of 2nd period - Kevin Sundher wins face-off versus Matt Lowry in Stars zone.
16:25 of 2nd period - Kevin Sundher is hit by Matt Tennyson and loses puck.
17:42 of 2nd period - Slapshot by Justin Shugg.
17:42 of 2nd period - Stopped by Louis Domingue with a rebound.
17:53 of 2nd period - Jack Skille is hit by Steven Delisle and loses puck.
18:06 of 2nd period - Rasmus Ristolainen is hit by Jamie Oleksiak and loses puck.
18:16 of 2nd period - Slapshot by Rasmus Ristolainen.
18:16 of 2nd period - Shot Misses the Net.
18:18 of 2nd period - Slapshot by Rasmus Ristolainen.
18:18 of 2nd period - Shot Blocked by Wacey Hamilton.
18:20 of 2nd period - Slapshot by Rasmus Ristolainen.
18:20 of 2nd period - Stopped by Joey MacDonald without a rebound.
18:21 of 2nd period - Matt Lowry wins face-off versus Kevin Sundher in Stars zone.
18:44 of 2nd period - Wrist shot by Jamie MacQueen.
18:44 of 2nd period - Stopped by Joey MacDonald with a rebound.
18:46 of 2nd period - Wrist shot by Kevin Sundher.
18:46 of 2nd period - Stopped by Joey MacDonald with a rebound.
18:48 of 2nd period - Snap shot by Kevin Sundher.
18:48 of 2nd period - Stopped by Joey MacDonald with a rebound.
19:16 of 2nd period - Icing by Jamie Oleksiak.
19:17 of 2nd period - Spencer Machacek wins face-off versus Nick Drazenovic in Stars zone.
Goals for this period are 1 for Americans vs 1 for Stars.
Shots for this period are 15 for Americans vs 10 for Stars.

3rd period


0:01 of 3rd period - Max Reinhart wins face-off versus Zac Dalpe in neutral zone.
0:13 of 3rd period - Off-side.
0:14 of 3rd period - Max Reinhart wins face-off versus Zac Dalpe in neutral zone.
0:25 of 3rd period - Slapshot by Jamie Oleksiak.
0:25 of 3rd period - Stopped by Louis Domingue with a rebound.
0:27 of 3rd period - Snap shot by Spencer Machacek.
0:27 of 3rd period - Stopped by Louis Domingue with a rebound.
0:38 of 3rd period - Minor Penalty to Jerome Samson for Slashing.
0:39 of 3rd period - Max Reinhart wins face-off versus Matt Watkins in Americans zone.
1:33 of 3rd period - Wrist shot by Max Reinhart.
1:33 of 3rd period - Stopped by Joey MacDonald without a rebound.
1:34 of 3rd period - Spencer Machacek wins face-off versus Max Reinhart in Stars zone.
1:55 of 3rd period - Dylan DeMelo is hit by Cameron Gaunce and loses puck.
2:38 of 3rd period - Penalty to Jerome Samson is over, Jerome Samson is back on ice.
2:46 of 3rd period - Wacey Hamilton is hit by Rasmus Ristolainen and loses puck.
3:06 of 3rd period - Jamie Oleksiak and Doug Janik fight to a draw.
3:06 of 3rd period - Penalty to Jamie Oleksiak for Fighting.
3:06 of 3rd period - Penalty to Doug Janik for Fighting.
3:07 of 3rd period - Nick Drazenovic wins face-off versus Zac Dalpe in neutral zone.
3:55 of 3rd period - Peter Andersson is hit by Matt Lowry and loses puck.
5:12 of 3rd period - Michael Davies is hit by Maxime Sauve and loses puck.
5:57 of 3rd period - Justin Shugg is hit by Jamie MacQueen and loses puck.
6:14 of 3rd period - Max Reinhart is hit by Carlo Colaiacovo and loses puck.
6:45 of 3rd period - Snap shot by Jack Skille.
6:45 of 3rd period - Shot Misses the Net.
6:47 of 3rd period - Backhand shot by Jerome Samson.
6:47 of 3rd period - Stopped by Joey MacDonald without a rebound.
6:48 of 3rd period - Max Reinhart wins face-off versus Wacey Hamilton in Stars zone.
6:49 of 3rd period - Slapshot by Rasmus Ristolainen.
6:49 of 3rd period - Deflect By Jack Skille.
6:49 of 3rd period - Shot Blocked by Carlo Colaiacovo.
6:49 of 3rd period - Puck is out of play.
6:50 of 3rd period - Wacey Hamilton wins face-off versus Max Reinhart in Stars zone.
7:18 of 3rd period - Snap shot by Jamie MacQueen.
7:18 of 3rd period - Stopped by Joey MacDonald with a rebound.
7:20 of 3rd period - Minor Penalty to Cameron Gaunce for Hooking.
7:21 of 3rd period - Spencer Machacek wins face-off versus Nick Drazenovic in Stars zone.
7:37 of 3rd period - Snap shot by Rasmus Ristolainen.
7:37 of 3rd period - Shot Misses the Net.
7:39 of 3rd period - Snap shot by Rasmus Ristolainen.
7:39 of 3rd period - Deflect By Maxime Sauve.
7:39 of 3rd period - Shot Misses the Net.
7:39 of 3rd period - Puck is out of play.
7:40 of 3rd period - Spencer Abbott wins face-off versus Spencer Machacek in Stars zone.
8:06 of 3rd period - Penalty to Jamie Oleksiak is over, Jamie Oleksiak is back on ice.
8:15 of 3rd period - Alexandre Grenier is hit by Jack Skille and loses puck.
9:18 of 3rd period - Slapshot by Rasmus Ristolainen.
9:18 of 3rd period - Deflect By Jack Skille.
9:18 of 3rd period - Shot Misses the Net.
9:18 of 3rd period - Puck is out of play.
9:19 of 3rd period - Justin Shugg wins face-off versus Max Reinhart in Stars zone.
9:20 of 3rd period - Penalty to Cameron Gaunce is over, Cameron Gaunce is back on ice.
10:02 of 3rd period - Snap shot by Vinny Saponari.
10:02 of 3rd period - Shot Misses the Net.
10:24 of 3rd period - Nick Drazenovic is hit by Michael Davies and loses puck.
10:57 of 3rd period - Jerome Samson is hit by Jamie Oleksiak and loses puck.
11:28 of 3rd period - Slapshot by Zac Dalpe.
11:28 of 3rd period - Stopped by Louis Domingue with a rebound.
12:02 of 3rd period - Wrist shot by Vinny Saponari.
12:02 of 3rd period - Stopped by Louis Domingue without a rebound.
12:03 of 3rd period - Matt Lowry wins face-off versus Max Reinhart in Americans zone.
12:09 of 3rd period - Major / Game Misconduct Penalty to Jerome Samson for Unsportsmanlike conduct.
12:09 of 3rd period - Jerome Samson is ejected from game.
12:10 of 3rd period - Max Reinhart wins face-off versus Wacey Hamilton in Americans zone.
13:08 of 3rd period - Slapshot by Justin Shugg.
13:08 of 3rd period - Stopped by Louis Domingue without a rebound.
13:09 of 3rd period - Jamie MacQueen wins face-off versus Spencer Machacek in Americans zone.
13:43 of 3rd period - Matt Watkins is hit by Peter Andersson and loses puck.
14:04 of 3rd period - Snap shot by Alexandre Grenier.
14:04 of 3rd period - Shot Misses the Net.
14:37 of 3rd period - Icing by Justin Shugg.
14:38 of 3rd period - Wacey Hamilton wins face-off versus Jamie MacQueen in Stars zone.
15:35 of 3rd period - Vinny Saponari is hit by Rasmus Ristolainen.
15:45 of 3rd period - Slapshot by Spencer Machacek.
15:45 of 3rd period - Shot Misses the Net.
16:03 of 3rd period - Jamie MacQueen is hit by Wacey Hamilton and loses puck.
16:34 of 3rd period - Nick Drazenovic is hit by Matt Watkins and loses puck.
16:39 of 3rd period - Slapshot by Carlo Colaiacovo.
16:39 of 3rd period - Stopped by Louis Domingue with a rebound.
17:03 of 3rd period - Wrist shot by Carlo Colaiacovo.
17:03 of 3rd period - Stopped by Louis Domingue with a rebound.
17:09 of 3rd period - Penalty to Jerome Samson is over, Jack Skille is send on ice.
17:13 of 3rd period - Spencer Machacek is hit by Jack Skille and loses puck.
17:48 of 3rd period - Kevin Sundher is hit by Carter Bancks.
18:00 of 3rd period - Wrist shot by Justin Shugg.
18:00 of 3rd period - Stopped by Louis Domingue with a rebound.
18:02 of 3rd period - Snap shot by Justin Shugg.
18:02 of 3rd period - Shot Misses the Net.
18:04 of 3rd period - Slapshot by Carlo Colaiacovo.
18:04 of 3rd period - Stopped by Louis Domingue with a rebound.
18:06 of 3rd period - Wrist shot by Wacey Hamilton.
18:06 of 3rd period - Deflect By Zac Dalpe.
18:06 of 3rd period - Shot Blocked by Davis Drewiske.
18:06 of 3rd period - Puck is out of play.
18:07 of 3rd period - Max Reinhart wins face-off versus Zac Dalpe in Americans zone.
18:34 of 3rd period - Icing by Carlo Colaiacovo.
18:35 of 3rd period - Matt Lowry wins face-off versus Nick Cousins in Stars zone.
18:44 of 3rd period - Slapshot by Nick Cousins.
18:44 of 3rd period - Shot Misses the Net.
18:46 of 3rd period - Slapshot by Peter Andersson.
18:46 of 3rd period - Stopped by Joey MacDonald with a rebound.
19:14 of 3rd period - Jamie Oleksiak is hit by Spencer Abbott and loses puck.
19:21 of 3rd period - Peter Andersson is hit by Spencer Machacek.
19:37 of 3rd period - Minor Penalty to Max Reinhart for Holding.
19:38 of 3rd period - Wacey Hamilton wins face-off versus Jamie MacQueen in Americans zone.
19:38 of 3rd period - Wrist shot by Michael Davies.
19:38 of 3rd period - Shot Blocked by Rasmus Ristolainen.
19:40 of 3rd period - Wrist shot by Matt Watkins.
19:40 of 3rd period - Shot Misses the Net.
19:42 of 3rd period - Slapshot by Jamie Oleksiak.
19:42 of 3rd period - Stopped by Louis Domingue with a rebound.
19:44 of 3rd period - Wrist shot by Jamie Oleksiak.
19:44 of 3rd period - Shot Misses the Net.
19:46 of 3rd period - Wrist shot by Matt Watkins.
19:46 of 3rd period - Shot Misses the Net.
19:56 of 3rd period - Rasmus Ristolainen is hit by Michael Davies and loses puck.
Goals for this period are 0 for Americans vs 0 for Stars.
Shots for this period are 4 for Americans vs 10 for Stars.

Overtime #1


0:01 of 1st overtime period - Vinny Saponari wins face-off versus Jamie MacQueen in neutral zone.
0:17 of 1st overtime period - Slapshot by Rasmus Ristolainen.
0:17 of 1st overtime period - Stopped by Joey MacDonald without a rebound.
0:18 of 1st overtime period - Vinny Saponari wins face-off versus Jamie MacQueen in Stars zone.
0:25 of 1st overtime period - Slapshot by Vinny Saponari.
0:25 of 1st overtime period - Shot Misses the Net.
1:01 of 1st overtime period - Doug Janik is hit by Jamie Oleksiak and loses puck.
1:12 of 1st overtime period - Rasmus Ristolainen is hit by Jamie Oleksiak and loses puck.
1:37 of 1st overtime period - Penalty to Max Reinhart is over, Max Reinhart is back on ice.
1:41 of 1st overtime period - Slapshot by Matt Tennyson.
1:41 of 1st overtime period - Stopped by Louis Domingue with a rebound.
1:43 of 1st overtime period - Wrist shot by Matt Tennyson.
1:43 of 1st overtime period - Shot Blocked by Farm Player8.
3:15 of 1st overtime period - Peter Andersson is hit by Steven Delisle and loses puck.
3:44 of 1st overtime period - Nick Cousins is hit by Matt Tennyson and loses puck.
4:07 of 1st overtime period - Jamie Oleksiak is hit by Nick Cousins and loses puck.
4:46 of 1st overtime period - Rasmus Ristolainen is hit by Matt Tennyson and loses puck.
Goals for this period are 0 for Americans vs 0 for Stars.
Shots for this period are 1 for Americans vs 1 for Stars.

ShootOut


5:00 of 1st overtime period - Penalty Shot by Max Reinhart for Americans.
5:00 of 1st overtime period - Backhand shot by Max Reinhart.
5:00 of 1st overtime period - Shot Misses the Net.
5:00 of 1st overtime period - Penalty Shot by Carter Bancks for Stars.
5:00 of 1st overtime period - Deke by Carter Bancks.
5:00 of 1st overtime period - Shot Misses the Net.
5:00 of 1st overtime period - Penalty Shot by Rasmus Ristolainen for Americans.
5:00 of 1st overtime period - Wrist shot by Rasmus Ristolainen.
5:00 of 1st overtime period - Stopped by Joey MacDonald.
5:00 of 1st overtime period - Penalty Shot by Vinny Saponari for Stars.
5:00 of 1st overtime period - Wrist shot by Vinny Saponari.
5:00 of 1st overtime period - Stopped by Louis Domingue.
5:00 of 1st overtime period - Penalty Shot by Jack Skille for Americans.
5:00 of 1st overtime period - Wrist shot by Jack Skille.
5:00 of 1st overtime period - Shot Misses the Net.
5:00 of 1st overtime period - Penalty Shot by Justin Shugg for Stars.
5:00 of 1st overtime period - Deke by Justin Shugg.
5:00 of 1st overtime period - Stopped by Louis Domingue.
5:00 of 1st overtime period - Penalty Shot by Spencer Abbott for Americans.
5:00 of 1st overtime period - Wrist shot by Spencer Abbott.
5:00 of 1st overtime period - Stopped by Joey MacDonald.
5:00 of 1st overtime period - Penalty Shot by Michael Davies for Stars.
5:00 of 1st overtime period - Deke by Michael Davies.
5:00 of 1st overtime period - Stopped by Louis Domingue.
5:00 of 1st overtime period - Penalty Shot by Nick Drazenovic for Americans.
5:00 of 1st overtime period - Snap shot by Nick Drazenovic.
5:00 of 1st overtime period - Shot Misses the Net.
5:00 of 1st overtime period - Penalty Shot by Alexandre Grenier for Stars.
5:00 of 1st overtime period - Backhand shot by Alexandre Grenier.
5:00 of 1st overtime period - Stopped by Louis Domingue.
5:00 of 1st overtime period - Penalty Shot by Nick Cousins for Americans.
5:00 of 1st overtime period - Deke by Nick Cousins.
5:00 of 1st overtime period - Stopped by Joey MacDonald.
5:00 of 1st overtime period - Penalty Shot by Carlo Colaiacovo for Stars.
5:00 of 1st overtime period - Deke by Carlo Colaiacovo.
5:00 of 1st overtime period - Stopped by Louis Domingue.
5:00 of 1st overtime period - Penalty Shot by Maxime Sauve for Americans.
5:00 of 1st overtime period - Wrist shot by Maxime Sauve.
5:00 of 1st overtime period - Goal by Maxime Sauve.
5:00 of 1st overtime period - Penalty Shot by Spencer Machacek for Stars.
5:00 of 1st overtime period - Deke by Spencer Machacek.
5:00 of 1st overtime period - Stopped by Louis Domingue.


Output by the SimonT Hockey Simulator (STHS) for Eric Dolegowski -- Original Page W3C XHTML 1.0 Valid
Hockey Simulator - Hockey Simulation - Hockey Manager